 Dungeon Crawl Stone Soup version 0.24-a0-228-g05560da (webtiles) character file.

Game seed: 8803845380304046520

337 technobutter the Shield-Bearer (level 6, -8/53 HPs)
             Began as a Hill Orc Fighter on Apr 2, 2019.
             Mangled by a large abomination (28 damage)
             ... on level 1 of the Abyss.
             The game lasted 00:16:07 (3135 turns).

technobutter the Shield-Bearer (Hill Orc Fighter)   Turns: 3135, Time: 00:16:07

Health: -8/53      AC:  8    Str: 24    XL:     6   Next: 54%
Magic:  15/15      EV:  8    Int:  8    God:
Gold:   85         SH: 10    Dex: 11    Spells: 5/5 levels left

rFire    . . .     SeeInvis .   m - +8 flail of the Ten Friends {flame, MP+9 Str+4}
rCold    . . .     Gourm    .   c - +0 shield
rNeg     . . .     Faith    .   b - +0 scale mail
rPois    .         Spirit   .   k - +0 helmet
rElec    .         Reflect  .   (no cloak)
rCorr    .         Harm     .   (no gloves)
MR       .....                  (no boots)
Stlth    ..........             (no amulet)
HPRegen  0.17/turn              (no ring)
MPRegen  0.14/turn              (no ring)

@: no status effects
A: no striking features
a: no special abilities


You were on level 1 of the Abyss.
You were not hungry.

You visited 1 branch of the dungeon, and saw 4 of its levels.
You visited the Abyss 1 time.

You collected 85 gold pieces.

Inventory:

Hand Weapons
 m - the +8 flail of the Ten Friends (weapon) {flame, MP+9 Str+4}
   (You found it on level 4 of the Dungeon)

   It has been specially enchanted to burn those struck by it, causing extra
   injury to most foes and up to half again as much damage against particularly
   susceptible opponents.
   It affects your strength (+4).
   It affects your magic capacity (+9).
Armour
 b - a +0 scale mail (worn)
 c - a +0 shield (worn)
 k - a +0 helmet (worn)
Wands
 h - a wand of flame (16)
Scrolls
 e - 3 scrolls of identify
 g - a scroll of amnesia
 i - a scroll of fog
 j - a scroll of teleportation {unknown}
 l - a scroll of enchant armour {unknown}
Potions
 a - a potion of lignification {unknown}
 d - a potion of might
Comestibles
 f - 4 rations


   Skills:
 + Level 4.3 Fighting
 + Level 4.3 Maces & Flails
 + Level 4.3 Armour
 + Level 1.0 Dodging
 + Level 5.4 Shields


You had 5 spell levels left.
You didn't know any spells.
Your spell library was empty.

Dungeon Overview and Level Annotations

Branches:
Dungeon (4/15)
 Temple: D:4-7

Altars:
Ru


Message History

Found a ration.
Unknown command.
You start resting.
A large abomination materialises.
You eat one of the 5 rations.
That ration really hit the spot!
You block the large abomination's attack.
You barely miss the large abomination.
The large abomination barely misses you.
You sock the large abomination! You burn the large abomination.
The large abomination is heavily damaged.
You block the large abomination's attack.
You hit the large abomination. You burn the large abomination.
The large abomination is severely damaged.
The large abomination barely misses you.
You sock the large abomination! You burn the large abomination.
The large abomination is almost destroyed.
A cyan ugly thing comes into view.
The large abomination hits you!! x2
Ouch! That really hurt!
You die...

#. #. ###.# ## #
..#. ####..#.#
#..##..#....#
..##.........#..
..............##
#............#
#.....@......#
%..#....X.......
#...............
####........##.
#.#.....###
....#.....
#..#.#...... #.
..........


You could see a large abomination.

Vanquished Creatures
  An ogre (D:4)
  A bullfrog (D:4)
  Jessica (D:2)
  Terence (D:2)
  Robin (D:2)
  3 gnolls
  3 adders
  An ooze (D:1)
  An adder skeleton (D:4)
  2 worms (D:2)
  A dart slug (D:1)
  3 leopard geckos
  2 orcs (D:3)
  3 bats
  4 giant cockroaches
  13 goblins
  4 hobgoblins (D:1)
  4 jackals
  5 kobolds
  2 ball pythons
  6 frilled lizards
  A jackal skeleton (D:4)
  A leopard gecko skeleton (D:3)
  5 rats
69 creatures vanquished.

Notes
Turn   | Place    | Note
-------+----------+-------------------------------------------
     0 | D:1      | technobutter the Hill Orc Fighter began the quest for the
                  | Orb.
     0 | D:1      | Reached XP level 1. HP: 19/19 MP: 1/1
    87 | D:2      | Noticed Jessica
    96 | D:1      | Reached skill level 4 in Shields
    96 | D:1      | Reached XP level 2. HP: 12/27 MP: 2/2
   464 | D:2      | Noticed Terence
   472 | D:2      | Killed Terence
   472 | D:2      | Reached XP level 3. HP: 7/33 MP: 3/3
   888 | D:1      | Reached XP level 4. HP: 33/40 MP: 4/4
  1034 | D:2      | Noticed Robin
  1239 | D:1      | You fall through a shaft!
  1286 | D:2      | Killed Robin
  1399 | D:2      | Found a sacrificial altar of Ru.
  1629 | D:2      | Killed Jessica
  1629 | D:2      | Reached skill level 5 in Shields
  1629 | D:2      | Reached XP level 5. HP: 13/46 MP: 5/5
  2656 | D:4      | Noticed an ogre
  2670 | D:4      | Killed an ogre
  2670 | D:4      | Reached XP level 6. HP: 42/52 MP: 6/6
  2785 | D:4      | Reached skill level 1 in Dodging
  2960 | D:4      | Got a transparent flail
  2961 | D:4      | Identified the +8 flail of the Ten Friends {flame, MP+9
                  | Str+4} (You found it on level 4 of the Dungeon)
  3100 | D:4      | Cast into level 1 of the Abyss (orc)
  3129 | Abyss:1  | Noticed a large abomination
  3135 | Abyss:1  | Noticed a cyan ugly thing
  3135 | Abyss:1  | Mangled by a large abomination

Levels and vault maps discovered:
D:1:      nzn_arrival_crosshair, layout_basic, minmay_misc_feat_enclosed,
          minmay_heptomino_d4
D:2:      layout_basic, marbit_many_paths, uniq_jessica, uniq_terence,
          uniq_robin
D:3:      layout_loops_ring, elyvilon_altar_1, first_ration
D:4:      minmay_clustersquares, layout_cave_pods, grunt_qazlal_clouds,
          minmay_temple_entry_enclosed_plants, uniq_edmund
Abyss:1

Skill      XL: |  1  2  3  4  5  6 |
---------------+-------------------+-----
Shields        | 4 5 |  5.4
Maces & Flails | 3 4 |  4.3
Fighting       | 4 |  4.3
Armour         | 4 |  4.3
Dodging        | 1 |  1.0

Action                   |  1- 3 |  4- 6 || total
-------------------------+-------+-------++-------
Melee: Flail             |    94 |   176 ||   270
  Use: Scroll            |     2 |       ||     2
  Eat: Ration            |       |     3 ||     3
Armor: Scale mail        |    32 |   106 ||   138
Dodge: Dodged            |    29 |    81 ||   110
Block: Shield            |    65 |   131 ||   196

Table legend:
 A = Non-vault XP
 B = Vault XP
 C = Vault XP percentage of total XP
 D = Non-vault monster count
 E = Vault monster count
 F = Vault count percentage of total count
                 A         B        C        D         E       F
            +---------+---------+-------+---------+---------+-------
      Total |     152 |     330 |  68.5 |      46 |      23 |  33.3
            +---------+---------+-------+---------+---------+-------
        D:1 |      38 |      12 |  24.0 |      11 |       7 |  38.9
        D:2 |      90 |      97 |  51.9 |      23 |      11 |  32.4
        D:3 |      16 |       0 |   0.0 |       9 |       0 |   0.0
        D:4 |       8 |     221 |  96.5 |       3 |       5 |  62.5
            +---------+---------+-------+---------+---------+-------
